 Dungeon Crawl Stone Soup version 0.28.0-53-g5a82cb258f (webtiles) character file.

Game seed: 575883833684305293

16262 Infinimo the Basher (level 12, 0/131 (132) HPs)
             Began as an Ogre Gladiator on May 27, 2022.
             Was an Initiate of Gozag.
             Slain by a slime creature (11 damage)
             ... in a Gauntlet.
             The game lasted 00:36:01 (25881 turns).

Infinimo the Basher (Ogre Gladiator)               Turns: 25881, Time: 00:36:02

HP:   0/131 (132)   AC:  1    Str: 21    XL:     12   Next: 35%
MP:   25/25         EV: 14    Int: 13    God:    Gozag
Gold: 439           SH:  0    Dex: 10    Spells: 25/29 levels left

rFire   + . .      SeeInvis .   e - +1 whip (elec)
rCold   + . .      Faith    .   (no shield)
rNeg    + . .      Spirit   .   A - +3 steam dragon scales
rPois   .          Reflect  .   c - +0 hat
rElec   .          Harm     .   r - scarf {repulsion}
rCorr   .          Rampage  .   (gloves unavailable)
Will    +....      NoTele   +   (boots unavailable)
Stlth   +.........              b - amulet "Cajuaf" {rF+ rN+ Regen+}
HPRegen 1.11/turn               B - ring of protection from cold
MPRegen 0.19/turn               h - +4 ring of evasion

@: corroded, gold aura, lightly drained, repel missiles
A: large, unfitting armour, tough skin 1
a: Renounce Religion, Potion Petition, Call Merchant, Bribe Branch


You were in a Gauntlet.
You worshipped Gozag.
Gozag was aware of your devotion.
You visited 3 branches of the dungeon, and saw 14 of its levels.
You also visited: Gauntlet.

You collected 2300 gold pieces.
You spent 626 gold pieces at shops.
You paid 1235 gold pieces to Gozag.

Inventory:

Hand Weapons
 e - a +1 whip of electrocution (weapon)
 q - a +0 giant spiked club of flaming
 w - a +1 whip of venom
 F - a +2 spectral eveningstar
Missiles
 g - a throwing net (quivered)
 s - 8 poisoned darts
Armour
 c - a +0 hat (worn)
 r - a scarf of repulsion (worn)
 A - +3 steam dragon scales (worn)
Jewellery
 b - the amulet "Cajuaf" (around neck) {rF+ rN+ Regen+}
   (You bought it in a shop on level 2 of the Lair of Beasts)

   [amulet of regeneration]

   rF:        It protects you from fire.
   rN:        It protects you from negative energy.
   Regen:     It increases your rate of health regeneration.
 h - a +4 ring of evasion (right hand)
 m - a ring of resist corrosion
 B - a ring of protection from cold (left hand)
Wands
 d - a wand of iceblast (10)
 u - a wand of flame (8)
 z - a wand of acid (3)
 G - a wand of polymorph (2)
 H - a wand of paralysis (6)
Scrolls
 a - 3 scrolls of fog
 i - 2 scrolls of blinking
 l - a scroll of summoning
 o - 3 scrolls of teleportation
 x - 2 scrolls of identify
 C - a scroll of brand weapon
 E - 2 scrolls of enchant weapon
Potions
 f - 4 potions of curing
 j - 2 potions of brilliance
 k - 6 potions of attraction
 n - a potion of flight
 D - 3 potions of degeneration


   Skills:
 + Level 12.0 Fighting
 * Level 12.0 Maces & Flails
 - Level 2.0 Throwing
 - Level 3.5 Dodging
 + Level 9.4 Spellcasting
 + Level 7.8 Air Magic


You had 25 spell levels left.
You knew the following spells:

 Your Spells              Type           Power      Damage    Failure   Level
a - Airstrike             Air            13%        N/A       4%          4

Your spell library contained the following spells:

 Spells                   Type           Power      Damage    Failure   Level
 Foxfire                  Conj/Fire      24%        2x1d5     12%         1
 Summon Small Mammal      Summ           24%        N/A       12%         1
 Ensorcelled Hibernation  Hex/Ice        12%        N/A       19%         2
 Summon Lightning Spire   Summ/Air       16%        N/A       24%         4
 Call Canine Familiar     Summ           6%         N/A       34%         3
 Conjure Flame            Conj/Fire      6%         6-21      34%         3
 Inner Flame              Hex/Fire       6%         N/A       34%         3
 Spider Form              Tmut/Pois      6%         N/A       34%         3
 Summon Guardian Golem    Hex/Summ       6%         N/A       34%         3
 Lightning Bolt           Conj/Air       8%         1d20      54%         5
 Anguish                  Hex/Necr       3%         N/A       75%         4
 Flame Wave               Conj/Fire      6%         2d5       75%         4
 Leda's Liquefaction      Hex/Erth       3%         N/A       75%         4
 Lee's Rapid Deconstruct  Erth           3%         3d6*      97%         5
 Statue Form              Tmut/Erth      4%         N/A       100%        6


Dungeon Overview and Level Annotations

Branches:
Dungeon (10/15)            Temple (1/1) D:5            Lair (3/6) D:8
 Shoals (0/4) Lair:3       Spider (0/4) Lair:2      Gauntlet (1/1)
    Orc: D:9-12

Altars:
Ashenzari
Cheibriados
Dithmenos
Elyvilon
Fedhas
Gozag
Hepliaklqana
Kikubaaqudgha
Makhleb
Nemelex Xobeh
Okawaru
Qazlal
Ru
Sif Muna
Trog
Uskayaw
Vehumet
Wu Jian
Xom
Yredelemnul
Zin
The Shining One

Shops:
D:3 (   Lair:2 =

Annotations:
D:3 2 transporters, SnailSD's ghost, amateur HOFi
D:8 3 runed translucent doors, lawnmower's ghost, novice FoAK Gauntlet 13 transporters, exclusion: orange crystal statue


Innate Abilities, Weirdness & Mutations

You are too large for most types of armour.
You have tough skin. (AC +1)


Message History

* * * LOW HITPOINT WARNING * * *
You hit the jelly.
Your hands burn!
* * * LOW HITPOINT WARNING * * *
The jelly is lightly wounded.
The slime creature seems to regain its courage.
The slime creature hits you.
* * * LOW HITPOINT WARNING * * *
The jelly hits you.
* * * LOW HITPOINT WARNING * * *
You are splashed with acid!
* * * LOW HITPOINT WARNING * * *
The slime creature barely misses you.
Unknown command.
Okay, then.
Okay, then.
Okay, then.
As you read the scroll of fear, it crumbles to dust.
You assume a fearsome visage.
The slime creature looks frightened!
The jelly resists with some effort.
The slime creature looks frightened! x2
The jelly hits you.
* * * LOW HITPOINT WARNING * * *
You are splashed with acid!
* * * LOW HITPOINT WARNING * * *
Unknown command.
You hit the jelly. Lightning courses through the jelly!!
You kill the jelly!
You catch the helpless slime creature completely off-guard!
You hit the slime creature.
Lightning courses through the slime creature!
Your attack snaps the slime creature out of its fear.
The slime creature is moderately wounded.
The slime creature jiggles.
Cornered, the slime creature turns to fight!
You hit the slime creature but do no damage.
The slime creature is lightly wounded.
You hit the slime creature.
The slime creature is moderately wounded.
The slime creature hits you!
You die...
Your body crumbles into a pile of gold.

###...#.©.........©.........©.#..
#≈..#############################
##§.#.}!©...#.#.##©!:.#.#..?©[..#
#≈..#..#....#.#J.##...#.#.#...#.#
##..#.###...#.#..J##..#.#.#5..#.#
#≈..#..#©#.4#.#J#.J##.#.#5##©##.#
##..#...###4#.#.##..#.#.#4.#.#..#
#≈..#....#.4#.#$.##...#.####.####
##..#......3#.#.@J##..#.#535...4#
#§..#########.#########.#########
##......©.........©.........©..§§
#≈.............∩..8..∩.........§§
###≈#≈#≈#≈#≈#...........#≈#≈#§#§#
###########≈#§#≈#≈#§#≈#########
#############


You could see 3 slime creatures, a neqoxec and 3 chaos spawn.

Vanquished Creatures
  3 hydras (Lair:2)
  Urug (Lair:1)
  A death yak (Lair:2)
  Pikel (D:4)
  An elephant (Lair:1)
  A black mamba (Lair:3)
  Maggie (D:9)
  4 cane toads
  3 komodo dragons
  Grinder (D:6)
  A troll (D:8)
  Prince Ribbit (D:6)
  3 blink frogs (Lair:2)
  Sigmund (D:4)
  10 yaks
  3 wyverns (Lair:1)
  Eustachio (D:4)
  A basilisk (D:10)
  2 steam dragons
  3 vampire mosquitoes (D:8)
  11 water moccasins
  3 black bears
  A sky beast (D:3)
  A necrophage (D:8)
  A hornet zombie (D:8)
  3 wolves (Lair:1)
  An ogre (D:5)
  4 centaurs
  4 lemures
  3 kobold brigands (D:6)
  Blork the orc (D:4)
  10 bullfrogs
  A scorpion (D:6)
  3 gnoll sergeants
  A wyvern skeleton (D:7)
  6 killer bees
  8 wights
  2 howler monkeys
  3 hounds
  3 centaur zombies
  A jelly (Gauntlet)
  Crazy Yiuf (D:2)
  3 gnoll shamans
  2 scorpion zombies (D:5)
  Natasha (twice) (D:2)
  4 orc wizards
  2 iguanas (D:5)
  9 hell rats
  2 howler monkey zombies
  33 gnolls
  3 adders
  2 howler monkey skeletons
  12 river rats (Lair:2)
  A shadow imp (D:7)
  A white imp (D:7)
  An adder skeleton (D:4)
  A worm (D:3)
  A dart slug (D:1)
  22 orcs
  3 ball pythons
  7 endoplasms
  12 goblins
  7 hobgoblins
  4 jackals
  12 quokkas
  6 bats
  A frilled lizard (D:2)
  11 kobolds
  15 rats
294 creatures vanquished.

Vanquished Creatures (others)
  56 fungi
  120 plants
176 creatures vanquished.

Grand Total: 470 creatures vanquished

Notes
Turn   | Place    | Note
-------+----------+-------------------------------------------
     0 | D:1      | Infinimo the Ogre Gladiator began the quest for the Orb.
     0 | D:1      | Reached XP level 1. HP: 22/22 MP: 1/1
   255 | D:1      | Reached XP level 2. HP: 21/29 MP: 2/2
  1029 | D:2      | Reached XP level 3. HP: 37/37 MP: 3/3
  1099 | D:2      | Noticed Natasha
  1107 | D:2      | Killed Natasha
  1335 | D:2      | Reached XP level 4. HP: 32/46 MP: 4/4
  1593 | D:2      | Noticed Natasha
  1605 | D:2      | Killed Natasha
  2249 | D:2      | Found a runed translucent door.
  2250 | D:2      | Noticed Crazy Yiuf
  2368 | D:2      | Killed Crazy Yiuf
  2369 | D:2      | Reached XP level 5. HP: 19/54 MP: 5/5
  2654 | D:3      | Noticed a sky beast
  2712 | D:3      | Found a transporter.
  2715 | D:3      | Found a transporter.
  2715 | D:3      | Noticed SnailSD's ghost (amateur HOFi)
  3437 | D:3      | Learned a level 4 spell: Airstrike
  3560 | D:3      | Found Kutaas's Antique Weapon Shop.
  3721 | D:3      | Identified the +4 mace "Zuemugguuga" {flame, rC+ SInv}
  3735 | D:3      | Killed a sky beast
  3736 | D:3      | Reached skill level 1 in Spellcasting
  3736 | D:3      | Reached XP level 6. HP: 40/63 MP: 5/7
  3810 | D:3      | Reached skill level 1 in Air Magic
  4029 | D:4      | Noticed Sigmund
  4050 | D:4      | Noticed Eustachio
  4097 | D:4      | Killed Eustachio
  4098 | D:4      | Reached skill level 5 in Fighting
  4098 | D:4      | Reached skill level 5 in Maces & Flails
  4098 | D:4      | Reached XP level 7. HP: 23/72 MP: 7/9
  4738 | D:4      | Noticed Pikel
  5654 | D:4      | Noticed Blork the orc
  6046 | D:4      | Killed Sigmund
  6327 | D:4      | Killed Pikel
  6328 | D:4      | Reached XP level 8. HP: 51/84 MP: 11/13
  6770 | D:4      | Killed Blork the orc
  6850 | D:5      | Entered Level 5 of the Dungeon
  7851 | D:5      | Found a staircase to the Ecumenical Temple.
  7902 | Temple   | Entered the Ecumenical Temple
  8440 | Temple   | Became a worshipper of Gozag Ym Sagoz the Greedy
  8541 | D:6      | Noticed Grinder
  8609 | D:6      | Paralysed by Grinder for 3 turns
  8615 | D:6      | Killed Grinder
  8616 | D:6      | Reached XP level 9. HP: 39/93 MP: 14/16
  8999 | D:6      | Noticed Prince Ribbit
  9200 | D:6      | Killed Prince Ribbit
  9201 | D:6      | Reached skill level 5 in Spellcasting
 12479 | D:7      | Reached XP level 10. HP: 83/106 MP: 19/19
 12483 | D:7      | Reached skill level 5 in Air Magic
 15822 | D:8      | Found a staircase to the Lair.
 15850 | D:8      | HP: 2/100 [poisoned by a water moccasin]
 16277 | D:8      | HP: 2/104 [vampire mosquito (10)]
 16286 | D:8      | HP: 3/104 [vampire mosquito (6)]
 16702 | D:8      | Found a shimmering blue altar of Sif Muna.
 17286 | D:8      | Found a runed translucent gate.
 17286 | D:8      | Found a runed translucent gate.
 17288 | D:8      | Found a runed translucent gate.
 17288 | D:8      | Noticed an 11-headed hydra
 17289 | D:8      | Noticed lawnmower's ghost (novice FoAK)
 18544 | D:9      | Noticed Maggie
 18565 | D:9      | Killed Maggie
 19397 | D:9      | Reached skill level 10 in Maces & Flails
 19696 | D:10     | Entered Level 10 of the Dungeon
 19817 | D:10     | Reached skill level 10 in Fighting
 19948 | D:10     | Reached XP level 11. HP: 104/117 MP: 22/22
 20507 | Lair:1   | Entered Level 1 of the Lair of Beasts
 21228 | Lair:1   | Noticed Urug
 21969 | Lair:1   | Killed Urug
 22489 | Lair:2   | Noticed an eight-headed hydra
 22707 | Lair:2   | Killed an eight-headed hydra
 23422 | Lair:2   | Found a hole to the Spider Nest.
 23476 | Lair:2   | Noticed a death yak
 23509 | Lair:2   | Reached XP level 12. HP: 92/130 MP: 24/24
 23641 | Lair:2   | Killed a death yak
 24546 | Lair:2   | Noticed a five-headed hydra
 24551 | Lair:2   | Killed a five-headed hydra
 24840 | Lair:2   | Noticed a six-headed hydra
 24853 | Lair:2   | Killed a six-headed hydra
 25479 | Lair:2   | Bought the amulet "Cajuaf" {rF+ rN+ Regen+} for 626 gold
                  | pieces
 25644 | Lair:3   | Found a gate leading to a gauntlet.
 25654 | Gauntlet | Entered a Gauntlet
 25654 | Gauntlet | Found a transporter.
 25654 | Gauntlet | Found a transporter.
 25667 | Gauntlet | Found a transporter.
 25667 | Gauntlet | Found a transporter.
 25698 | Gauntlet | Noticed an entropy weaver
 25699 | Gauntlet | Found a transporter.
 25699 | Gauntlet | Found a transporter.
 25701 | Gauntlet | Found a transporter.
 25701 | Gauntlet | Found a transporter.
 25714 | Gauntlet | Found a transporter.
 25726 | Gauntlet | Found a transporter.
 25727 | Gauntlet | Noticed a large abomination
 25736 | Gauntlet | Noticed a death yak
 25737 | Gauntlet | Noticed a death yak
 25738 | Gauntlet | Noticed a death yak
 25738 | Gauntlet | Noticed a death yak
 25738 | Gauntlet | Noticed a death yak
 25739 | Gauntlet | Found a transporter.
 25740 | Gauntlet | Noticed a death yak
 25761 | Gauntlet | Found a transporter.
 25778 | Gauntlet | Found a transporter.
 25790 | Gauntlet | Found a transporter.
 25881 | Gauntlet | Slain by a slime creature

Illustrated notes

Levels and vault maps discovered:
D:1:      co_arrival_hexagon_in_a_hexagon, layout_rooms, chequers_mini_garden,
          chequers_serial_rivers_micro_b, chequers_garden
D:2:      layout_basic, minmay_misc_feat_roman, uniq_natasha,
          uniq_crazy_yiuf_cottage
D:3:      layout_loops_cross, serial_shops, shop, gammafunk_ghost_arena,
          hangedman_decor_riveting, serial_bayou_lagoon_a
D:4:      layout_loops_cross, sigmund_army, uniq_blork_the_orc, uniq_sigmund,
          uniq_pikel, uniq_eustachio
D:5:      layout_loops_cross, minmay_temple_entry_hall
D:6:      layout_rooms, hangedman_decor_diamond_cutter, columned_hall_lemuel,
          minmay_fountain_box, minmay_unpleasant_kobolds, uniq_grinder,
          uniq_prince_ribbit1
D:7:      layout_basic, enter_bailey_3
D:8:      layout_basic, mainiacjoe_overflow_catwalk,
          due_lair_maze_entry_diamond, gammafunk_ghost_hydra_chop,
          kennysheep_opposing_triangles
D:9:      layout_layer_cave, uniq_maggie
D:10:     cheibrodos_elevator_heist, layout_basic
Temple:   mainiacjoe_temple_starburst
Lair:1:   layout_long_grid, grunt_megastairs_4, wad_woods_river_01, uniq_urug
Lair:2:   lemuel_ratsnest, layout_cave_shapes, spider_nest_entry_web_field,
          grunt_megastairs_5
Lair:3:   layout_cave_pods, minmay_shoals_entry_lonely_mermaid,
          ebering_ghost_disaster_area, gauntlet_entry_generic,
          portal_ice_cave_demonic_guard, grunt_forest_large_clearings,
          uniq_nergalle
Gauntlet: gammafunk_gauntlet_mixed_choke_point [minmay_gauntlet_arena_77_mirror,
          minmay_gauntlet_arena_77_two_lines,
          minmay_gauntlet_arena_77_double_cross, nicolae_gauntlet_arena_x,
          minmay_gauntlet_arena_77_checkered,
          minmay_gauntlet_arena_77_radiant_squares,
          minmay_gauntlet_arena_77_tiled_triplets,
          nicolae_gauntlet_exit_dead_adventurers]

Skill      XL: |  1  2  3  4  5  6  7  8  9 10 11 12 |
---------------+-------------------------------------+-----
Fighting       | 3 4 5 6 7 8 10 11 12 | 12.0
Maces & Flails | 3 4 5 6 7 8 10 11 12 | 12.0
Dodging        | 3 |  3.5
Spellcasting   | 1 3 4 6 7 8 9 |  9.4
Air Magic      | 1 3 4 6 7 |  7.8
Throwing       | |  2.0

Action                   |  1- 3 |  4- 6 |  7- 9 | 10-12 || total
-------------------------+-------+-------+-------+-------++-------
Melee: Flail             |    68 |       |       |       ||    68
       Whip              |    13 |   128 |   293 |   803 ||  1237
       Punch             |       |     1 |     9 |    12 ||    22
       Mace              |       |    38 |   128 |       ||   166
       Scythe            |       |       |     4 |       ||     4
Throw: Throwing net      |       |     1 |     2 |       ||     3
       Dart              |       |       |    10 |     1 ||    11
 Cast: Airstrike         |       |       |       |   110 ||   110
Invok: Potion Petition   |       |       |       |     2 ||     2
       Call Merchant     |       |       |       |     1 ||     1
  Use: Scroll            |       |     5 |    11 |    13 ||    29
       Potion            |       |     2 |     6 |     7 ||    15
 Stab: Sleeping          |     2 |     1 |       |     2 ||     5
       Distracted        |       |       |     2 |     2 ||     4
       Invisible         |       |       |       |     2 ||     2
       Fleeing           |       |       |       |     1 ||     1
Armor: Robe              |    20 |    62 |    57 |    39 ||   178
       Skin              |       |       |     4 |       ||     4
       Steam dragon scal |       |       |       |    75 ||    75
Dodge: Dodged            |    32 |    86 |   228 |   367 ||   713
       Repelled          |       |       |     5 |       ||     5
